 Dungeon Crawl Stone Soup version 0.28-a0-1510-gd0f6b136d3 (webtiles) character file.

Game seed: 7521874557740325109

9 croobank the Caller (level 2, 0/17 HPs)
             Began as an Octopode Summoner on Jan 15, 2022.
             Frozen to death by an endoplasm (3 damage)
             ... on level 1 of the Dungeon.
             The game lasted 00:01:30 (538 turns).

croobank the Caller (Octopode Summoner)              Turns: 538, Time: 00:01:31

Health: 0/17       AC:  1    Str:  7    XL:     2   Next: 16%
Magic:  2/5        EV: 10    Int: 17    God:
Gold:   23         SH:  0    Dex: 12    Spells: 2/5 levels left

rFire   . . .      SeeInvis .   c - +0 dagger
rCold   . . .      Faith    .   (no shield)
rNeg    . . .      Spirit   .   (helmet restricted)
rPois   .          Reflect  .   (no amulet)
rElec   .          Harm     .   (no ring)
rCorr   .          Rampage  .   (no ring)
Will    .....                   (no ring)
Stlth   +++.......              (no ring)
HPRegen 0.05/turn               (no ring)
MPRegen 0.09/turn               (no ring)
                                (no ring)
                                (no ring)

@: constricted
A: almost no armour, amphibious, 8 rings, camouflage 1, gelatinous body 1,
(nimble swimmer 1), tentacles
a: no special abilities


You were on level 1 of the Dungeon.
You visited 1 branch of the dungeon, and saw 1 of its levels.

You collected 23 gold pieces.

Inventory:

Hand Weapons
 b - a +0 great sword
 c - a +0 dagger (weapon)
Potions
 a - a potion of degeneration {unknown}


   Skills:
 + Level 2.2 Dodging
 + Level 3.1 Stealth
 + Level 2.1 Spellcasting
 + Level 4.1 Summonings


You had 2 spell levels left.
You knew the following spells:

 Your Spells              Type           Power      Damage    Failure   Level
a - Summon Small Mammal   Summ           60%        N/A       3%          1
b - Call Imp              Summ           15%        N/A       5%          2

Your spell library contained the following spells:

 Spells                   Type           Power      Damage    Failure   Level
 Call Canine Familiar     Summ           15%        N/A       11%         3
 Summon Guardian Golem    Hex/Summ       8%         N/A       24%         3
 Summon Lightning Spire   Summ/Air       8%         N/A       63%         4


Dungeon Overview and Level Annotations

Branches:
Dungeon (1/15)

Altars:


Innate Abilities, Weirdness & Mutations

You cannot wear most types of armour.
You are amphibious.
You can wear up to eight rings at the same time.
Your skin changes colour to match your surroundings (Stealth+).
Your rubbery body absorbs attacks. (AC +1, EV +1)
((You are camouflaged when in or above water. (Stealth+)))
You have tentacles for arms and can constrict up to eight enemies at once.


Message History

A beastly little devil appears in a puff of frigid air.
Casting: Call Imp (safe; 5% risk of failure)
Confirm with . or Enter, or press ? or * to list all spells.
Casting: Summon Small Mammal (safe; 3% risk of failure)
Confirm with . or Enter, or press ? or * to list all spells.
You don't have enough magic to cast this spell.
You hit the endoplasm.
The endoplasm is moderately wounded.
The endoplasm hits you.
You hit the endoplasm.
The endoplasm is almost dead.
The endoplasm hits you.
Your white imp hits the endoplasm.
The endoplasm dies!
Your magical contamination has completely faded away.
Found a kite shield.
A goblin and an endoplasm come into view.
The goblin shouts!
The endoplasm moves out of view.
A ball python comes into view.
The goblin hits you with a +0 club.
Your quokka closely misses the goblin.
The endoplasm freezes you.
You are frozen.
Your quokka closely misses the goblin.
The ball python barely misses you. The ball python grabs you.
The ball python constricts you.
Your white imp hits the goblin.
Your white imp freezes the goblin.
The goblin dies!
You escape the ball python's grasp.
The endoplasm hits you. The ball python bites you.
* * * LOW HITPOINT WARNING * * *
The ball python grabs you. The ball python constricts you.
* * * LOW HITPOINT WARNING * * *
You hit the ball python. You grab the ball python.
You tentacle-slap the ball python.
The ball python is severely wounded.
You constrict the ball python, but do no damage.
A bat comes into view.
Your quokka bites the endoplasm.
The endoplasm freezes you.
You are frozen.
You die...

##...........^........
#......................
#......................
#......................
#......................
#......................
####.........5.........
#.........rJS.......
#...........@.......
#...................
######..............
######.............. ###
#...##.............. ..#
#...##.................
..###...###................
........#
#.................
.####...#
#..................


You could see an endoplasm (ally target), a ball python, a friendly white imp
(summoned) and a friendly quokka (summoned).

Vanquished Creatures
  An endoplasm (D:1)
  A giant cockroach (D:1)
  A goblin (D:1)
  A kobold (D:1)
  2 rats (D:1)
6 creatures vanquished.

Vanquished Creatures (collateral kills)
  An endoplasm (D:1)
  A goblin (D:1)
2 creatures vanquished.

Grand Total: 8 creatures vanquished

Notes
Turn   | Place    | Note
-------+----------+-------------------------------------------
     0 | D:1      | croobank the Octopode Summoner began the quest for the Orb.
     0 | D:1      | Reached XP level 1. HP: 11/11 MP: 3/3
   507 | D:1      | Reached XP level 2. HP: 17/17 MP: 5/5
   513 | D:1      | Learned a level 2 spell: Call Imp
   538 | D:1      | Frozen to death by an endoplasm

Illustrated notes

Levels and vault maps discovered:
D:1:      minmay_arrival_semitransparent, layout_basic, wad_floor_pattern_1,
          hangedman_abyss_or_decor_stabs, minmay_lizard_pond

Skill      XL: |  1 |
---------------+----+-----
Stealth        | 3 |  3.1
Dodging        | |  2.2
Spellcasting   | |  2.1
Summonings     | |  4.1

Action                   || total
-------------------------++-------
Melee: Unarmed           ||    17
       Constrict         ||     5
       Tentacles         ||     3
       Dagger            ||     4
       Punch             ||     1
 Cast: Summon Small Mamm ||     3
       Call Imp          ||     1
Dodge: Dodged            ||    11

Table legend: (Time is in decaauts)
 A = Elapsed time spent in this place.
 B = Non-inter-level travel time spent in this place.
 C = Inter-level travel time spent in this place.
 D = Time resting spent in this place.
 E = Time spent auto-exploring this place.
 F = Levels seen in this place.
 G = Mean time per level.
                   A        B        C        D        E       F      G
               +--------+--------+--------+--------+--------+-----+--------+
         Total |    537 |    537 |      0 |      4 |    411 |   1 |  537.0 |
       Dungeon |    537 |    537 |      0 |      4 |    411 |   1 |  537.0 |
               +--------+--------+--------+--------+--------+-----+--------+

Top non-repeatable levels by time:
     D:1: 537 daAuts
